 Dungeon Crawl Stone Soup version 0.19-a0-1899-g2d93087 (webtiles) character file.

258 KarmaPolice the Vandal (level 6, -6/42 HPs)
             Began as a Halfling Hunter on Oct 19, 2016.
             Killed by nerve-wracking pain
             ... invoked by an orc priest
              (12 damage)
             ... on level 4 of the Dungeon.
             The game lasted 00:10:46 (4276 turns).

KarmaPolice the Vandal (Halfling Hunter)            Turns: 4276, Time: 00:10:47

Health: -6/42      AC:  4    Str: 10 (13) XL:     6   Next: 40%
Magic:  6/6        EV: 14    Int: 11 (14) God:
Gold:   236        SH:  0    Dex: 15 (17) Spells: 0 memorised, 5 levels left

rFire  . . .     SeeInvis .     p - +1 dagger (venom)
rCold  . . .     Gourm    .     c - +0 leather armour
rNeg   . . .     Faith    .     (shield restricted)
rPois  .         Spirit   .     (no helmet)
rElec  .         Reflect  .     (no cloak)
rCorr  .         Harm     .     b - +0 pair of gloves
MR     .....                    (no boots)
Stlth  ++........               (no amulet)
                                (no ring)
                                (no ring)

@: brilliant, very slightly contaminated, invisible
A: mutation resistance 1
a: no special abilities


You were on level 4 of the Dungeon.
You were not hungry.

You visited 1 branch of the dungeon, and saw 4 of its levels.

You collected 236 gold pieces.

Inventory:

Hand Weapons
 a - a +1 hunting sling
 l - a +3 dagger
 n - a +0 blowgun
 p - a +1 dagger of venom (weapon)
Missiles
 d - 52 sling bullets
 g - 59 stones (quivered)
 s - 27 poisoned needles
Armour
 b - a +0 pair of gloves (worn)
 c - a +0 leather armour (worn)
Jewellery
 C - an uncursed ring of magical power {unknown}
 H - a cursed amulet of inaccuracy {unknown}
Wands
 x - a wand of slowing (26/48)
Scrolls
 e - 7 scrolls of identify {unknown}
 i - 4 scrolls of recharging {unknown}
 j - 3 scrolls of remove curse {unknown}
 m - 2 scrolls of blinking {unknown}
 r - a scroll of magic mapping {unknown}
 y - a scroll of fear {unknown}
 A - a scroll of random uselessness {unknown}
 F - a scroll of enchant weapon {unknown}
Potions
 q - 3 potions of degeneration
 u - a potion of might {unknown}
 v - a potion of haste {unknown}
 z - a potion of mutation {unknown}
 B - a potion of resistance {unknown}
 D - a potion of agility {unknown}
 E - a potion of magic {unknown}
Comestibles
 f - 3 bread rations
 o - 2 meat rations
 t - a royal jelly
 w - 2 beef jerkies


   Skills:
 + Level 3.3 Fighting
 + Level 2.6 Short Blades
 + Level 7.3 Slings
 - Level 2.1 Dodging
 + Level 3.3 Stealth
 + Level 1.1 Evocations


You had 5 spell levels left.
You didn't know any spells.

Dungeon Overview and Level Annotations

Branches:
Dungeon (4/15)
 Temple: D:4-7

Altars:


Innate Abilities, Weirdness & Mutations

You are small and have problems with some larger weapons.
You are somewhat resistant to further mutation.


Message History

The orc priest is moderately wounded.
The orc priest closely misses you.
You hit the orc priest.
The orc priest looks as sick as possible!
The orc priest is moderately wounded.
It was a potion of degeneration.
There was something very wrong with that liquid.
You feel weakened.
You feel dopey.
You feel clumsy. The orc priest completely misses you.
It was a potion of invisibility.
You fade into invisibility!
The orc priest calls down the wrath of Beogh upon you.
Pain shoots through your body!
* * * LOW HITPOINT WARNING * * *
You are very lightly contaminated with residual magic.
It was a potion of brilliance.
You feel clever all of a sudden.
The orc priest invokes the aid of Beogh against you.
Pain shoots through your body!
You die...

## .# ### .# ##.##
.# ####.#.########
.###.#.###.......#
.##...#.#.######@#
..........# #o#
###...#...# #{#
##.######
####.#### #.#
#..).(..# #. # #.#
#.##.##.# #...#
##'## #.##.##.# #
##.#.### ##...##
###.##.##.#
#.#......
##.....##
#.......#.#
#.#..#.#


You could see an orc priest.

Vanquished Creatures
  A bullfrog skeleton (D:4)
  A hound (D:4)
  6 adders
  2 oozes
  2 worms
  3 dart slugs
  3 leopard geckos
  10 orcs
  8 bats
  7 giant cockroaches
  6 goblins
  8 hobgoblins
  10 jackals
  8 kobolds
  A quokka (D:4)
  2 ball pythons
  3 frilled lizards
  10 rats
  A fungus (D:3)
92 creatures vanquished.

Vanquished Creatures (others)
  An orc wizard (D:4)
1 creature vanquished.

Grand Total: 93 creatures vanquished

Notes
Turn   | Place    | Note
-------+----------+-------------------------------------------
     0 | D:1      | KarmaPolice the Halfling Hunter began the quest for the Orb.
     0 | D:1      | Reached XP level 1. HP: 14/14 MP: 1/1
    99 | D:1      | Reached skill level 6 in Slings
   155 | D:1      | Reached XP level 2. HP: 12/19 MP: 2/2
   521 | D:1      | Reached XP level 3. HP: 25/25 MP: 3/3
  1250 | D:2      | Reached skill level 1 in Short Blades
  1250 | D:2      | Reached XP level 4. HP: 13/30 MP: 4/4
  2166 | D:3      | Reached XP level 5. HP: 21/36 MP: 5/5
  2732 | D:3      | Reached skill level 7 in Slings
  3364 | D:4      | Reached XP level 6. HP: 41/42 MP: 6/6
  4265 | D:4      | Reached skill level 1 in Evocations
  4276 | D:4      | Killed from afar by an orc priest

Vault maps used:
D:1:      eino_arrival_tree_alley
D:2:      kennysheep_generic_room_7
D:3:      first_bread, minmay_gold_behind_fungi

Skill      XL: |  1  2  3  4  5  6 |
---------------+-------------------+-----
Fighting       | 2 3 |  3.3
Slings         | 6 7 |  7.3
Short Blades   | 1 2 |  2.6
Stealth        | 2 3 |  3.3
Evocations     | 1 |  1.1
Dodging        | |  2.1

Action                   |  1- 3 |  4- 6 || total
-------------------------+-------+-------++-------
Melee: Short sword       |    46 |       ||    46
       Dagger            |    54 |   246 ||   300
 Fire: Blowgun           |       |     9 ||     9
  Use: Potion            |       |     3 ||     3
 Stab: Sleeping          |     3 |       ||     3
       Distracted        |       |     1 ||     1
  Eat: Chunk             |     1 |    10 ||    11
Armor: Leather armour    |    21 |    54 ||    75
Dodge: Dodged            |    69 |   203 ||   272
